 Dungeon Crawl Stone Soup version 0.29.1-15-g9cfb28693d (webtiles) character file.

Game seed: 9265661582262191190

643 Peloso the Slasher (level 7, 0/61 HPs)
             Began as a Minotaur Fighter on Apr 15, 2023.
             Succumbed to an orc wizard's poison
             ... on level 5 of the Dungeon.
             The game lasted 00:07:25 (3921 turns).

Peloso the Slasher (Minotaur Fighter)               Turns: 3921, Time: 00:07:26

Health: 0/61       AC: 13    Str: 21    XL:     7   Next: 26%
Magic:  6/6        EV:  6    Int:  5    God:
Gold:   216        SH:  0    Dex: 11    Spells: 6/6 levels left

rFire   . . .      SeeInvis .   a - +0 long sword
rCold   . . .      Faith    .   d - +0 buckler
rNeg    . . .      Spirit   .   q - +0 plate armour
rPois   .          Reflect  .   (helmet restricted)
rElec   .          Harm     .   (no cloak)
rCorr   .          Rampage  .   (no gloves)
Will    .....                   c - +0 pair of boots
Stlth   ..........              (no amulet)
HPRegen 0.20/turn               (no ring)
MPRegen 0.10/turn               (no ring)

@: confused, lethally poisoned (0 -> -11), invisible
A: horns 2, retaliatory headbutt
a: no special abilities


You were on level 5 of the Dungeon.
You visited 1 branch of the dungeon, and saw 5 of its levels.

You collected 216 gold pieces.

Inventory:

Hand Weapons
 a - a +0 long sword (weapon)
Armour
 b - a +0 scale mail
 c - a +0 pair of boots (worn)
 d - a +0 buckler (worn)
 q - a +0 plate armour (worn)
Jewellery
 f - a ring of flight
 m - an amulet of magic regeneration
 A - a ring of resist corrosion
Wands
 y - a wand of flame (10)
 z - a wand of paralysis (8)
Scrolls
 e - 4 scrolls of enchant armour
 h - 2 scrolls of vulnerability {unknown}
 i - 5 scrolls of amnesia {unknown}
 j - a scroll of noise {unknown}
 l - a scroll of fog
 n - a scroll of identify
 p - 4 scrolls of blinking {unknown}
 r - a scroll of immolation {unknown}
 t - 3 scrolls of poison {unknown}
 x - a scroll of fear {unknown}
 D - 2 scrolls of teleportation {unknown}
 E - a scroll of summoning {unknown}
Potions
 g - a potion of might
 o - 2 potions of flight
 s - a potion of cancellation
 u - a potion of resistance {unknown}
 v - a potion of attraction {unknown}
 w - 2 potions of invisibility
 B - a potion of berserk rage {unknown}
 C - a potion of curing {unknown}


   Skills:
 + Level 5.3 Fighting
 + Level 6.9 Long Blades
 + Level 5.5 Armour
 + Level 1.2 Dodging
 + Level 4.9 Shields


You had 6 spell levels left.
You didn't know any spells.
Your spell library contained the following spells:

 Spells                   Type           Power      Damage    Failure   Level
 Beastly Appendage        Tmut           0%         N/A       100%        1
 Sandblast                Erth           0%         2d4       100%        1
 Passwall                 Tmut/Erth      0%         N/A       100%        2
 Wereblood                Tmut           0%         N/A       100%        2
 Spider Form              Tmut/Pois      0%         N/A       100%        3
 Stone Arrow              Conj/Erth      0%         3d7       100%        3


Dungeon Overview and Level Annotations

Branches:
Dungeon (5/15)
 Temple: D:4-7

Altars:

Shops:
D:1 (   D:3 (   D:4 *

Annotations:
D:3 1 runed translucent door, Crazy Yiuf


Innate Abilities, Weirdness & Mutations

You have a pair of horns on your head.
You reflexively headbutt those who attack you in melee.


Message History

Okay, then.
You hit something.
You feel very sick.
You hear some strange, mumbled words.
You are confused.
Unknown command.
You closely miss something.
You feel very sick.
You hear some strange, mumbled words.
Something tries to affect you, but you resist.
Unknown command.
You bump into the rock wall.
You feel sick. Something hits you but does no damage.
Unknown command.
You completely miss something.
You feel sick.
You hear some strange, mumbled words.
Something tries to affect you, but you resist.
Unknown command.
You bump into the rock wall.
You feel sick. Something completely misses you.
Unknown command.
You bump into the rock wall.
You feel sick. Something hits you but does no damage.
You bump into the rock wall.
You feel less confused.
You feel sick. Something hits you.
* * * LOW HITPOINT WARNING * * *
You are lethally poisoned!
You barely miss something. Your headbutt misses something.
* * * LOW HITPOINT WARNING * * *
You feel very sick. Something hits you but does no damage.
You are more poisoned.
You miss something. Your headbutt misses something.
* * * LOW HITPOINT WARNING * * *
You feel very sick.
You hear some strange, mumbled words.
You are confused.
It was a potion of invisibility.
You fade into invisibility!
You die...

.............................#
#.....).......................
.......................#.####
.###########........####..... .
.............<......
####################.....#####
.............................#
########.....#########.#.###.#
................@{)....)o....#
########.....##########..#o###.
#.....# #..#..... #.....#
#..#.o.## #.....# #...o..o.
#.....# #####<###..### #.....#
##..######o... ###.###
#....##..##.## #.#
####....'....#


There were no monsters in sight!

Vanquished Creatures
  2 phantoms (D:5)
  4 hounds
  3 jellies
  2 iguanas
  An orc wizard (D:5)
  8 adders
  A gnoll (D:5)
  A shadow imp (D:5)
  2 ufetubi
  A worm (D:2)
  5 dart slugs
  7 orcs
  7 ball pythons
  5 bats
  9 endoplasms
  7 giant cockroaches
  2 goblins
  8 hobgoblins
  7 jackals
  4 kobolds
  3 quokkas
  3 frilled lizards
  5 rats
97 creatures vanquished.

Vanquished Creatures (others)
  13 demonic plants (D:3)
13 creatures vanquished.

Grand Total: 110 creatures vanquished

Notes
Turn   | Place    | Note
-------+----------+-------------------------------------------
     0 | D:1      | Peloso the Minotaur Fighter began the quest for the Orb.
     0 | D:1      | Reached XP level 1. HP: 19/19 MP: 0/0
   436 | D:1      | Reached XP level 2. HP: 27/27 MP: 1/1
   586 | D:1      | Found Vajoid's Antique Weapon Shoppe.
  1066 | D:2      | Reached XP level 3. HP: 33/33 MP: 2/2
  1200 | D:2      | Reached skill level 3 in Long Blades
  1422 | D:2      | Reached XP level 4. HP: 38/40 MP: 3/3
  1811 | D:3      | Found a faded altar of an unknown god.
  1916 | D:3      | Found Lafev's Weapon Shoppe.
  1985 | D:3      | Reached skill level 1 in Dodging
  2128 | D:3      | Found a runed translucent door.
  2129 | D:3      | Noticed Crazy Yiuf
  2425 | D:4      | Reached skill level 4 in Long Blades
  2499 | D:4      | Reached XP level 5. HP: 46/46 MP: 4/4
  2867 | D:4      | Found Xueru's Lightly-Used Armoury.
  2891 | D:4      | Reached skill level 5 in Long Blades
  3128 | D:4      | Reached XP level 6. HP: 44/53 MP: 5/5
  3434 | D:5      | Entered Level 5 of the Dungeon
  3442 | D:5      | Reached skill level 5 in Armour
  3576 | D:5      | Reached skill level 6 in Long Blades
  3702 | D:5      | Reached skill level 5 in Fighting
  3702 | D:5      | Reached XP level 7. HP: 54/61 MP: 6/6
  3903 | D:5      | HP: 1/61 [something (4)]
  3920 | D:5      | HP: 2/61 [poisoned by an orc wizard]
  3921 | D:5      | Succumbed to an orc wizard's poison

Illustrated notes

Levels and vault maps discovered:
D:1:      minmay_arrival_nine_rooms, layout_basic, serial_shops,
          nicolae_shop_waterfront
D:2:      layout_basic, minivault_25
D:3:      layout_rooms, shapermc_ecumenical_altar_flowoftime, serial_shops,
          nicolae_shop_trees, st_stairs_12, uniq_crazy_yiuf_cottage
D:4:      kennysheep_spiral_hall, layout_loops_corners, minmay_shop_damaged,
          minmay_ruptured
D:5:      minmay_bubble_buster, layout_basic, nicolae_wu_jian_wuxing_cycle

Skill      XL: |  1  2  3  4  5  6 |
---------------+-------------------+-----
Shields        | 4 |  4.9
Fighting       | 4 5 |  5.3
Armour         | 4 5 |  5.5
Long Blades    | 3 4 5 6 |  6.9
Dodging        | 1 |  1.2

Action                   |  1- 3 |  4- 6 |  7- 9 || total
-------------------------+-------+-------+-------++-------
Melee: Long sword        |    90 |   144 |    54 ||   288
       Headbutt          |    11 |    28 |     7 ||    46
Evoke: Wand              |       |       |     1 ||     1
  Use: Scroll            |     2 |     3 |       ||     5
       Potion            |     1 |       |     5 ||     6
Armor: Scale mail        |     8 |       |       ||     8
       Chain mail        |    60 |       |       ||    60
       Plate armour      |       |    96 |    32 ||   128
Dodge: Dodged            |    59 |    47 |     8 ||   114
Block: Buckler           |    33 |    34 |     6 ||    73
